 Dungeon Crawl Stone Soup version 0.22-a0-439-gac93bac (console) character file.

8201 toffzen the Summoner (level 11, -4/64 HPs)
             Began as a Tengu Summoner on May 21, 2018.
             Was a Priest of Ashenzari.
             Slain by a seven-headed hydra (8 damage)
             ... on level 2 of the Lair of Beasts on May 29, 2018.
             The game lasted 01:40:31 (17327 turns).

toffzen the Summoner (Tengu Summoner)              Turns: 17327, Time: 01:40:33

Health: -4/64      AC:  4    Str:  9    XL:     11   Next: 27%
Magic:  21/22      EV: 18    Int: 19    God:    Ashenzari [***...]
Gold:   417        SH:  4    Dex: 14    Spells: 10/24 levels left

rFire    . . .     SeeInvis +   a - +2 whip (elec) (curse)
rCold    . . .     Gourm    .   (no shield)
rNeg     . . .     Faith    .   g - +0 leather armour
rPois    +         Spirit   .   (helmet restricted)
rElec    .         Reflect  +   P - +0 cloak (curse)
rCorr    .         Harm     .   (no gloves)
MR       .....                  (boots unavailable)
Stlth    ++........             I - +4 amulet of reflection
HPRegen  0.20/turn              f - ring of wizardry (curse)
MPRegen  0.18/turn              v - ring of poison resistance

@: about to teleport, flying quickly and evasively, quick
A: beak, talons 3, able to fly 1
a: Curse Item, Scrying, Renounce Religion


You were on level 2 of the Lair of Beasts.
You worshipped Ashenzari.
Ashenzari was most pleased with you.
You were not hungry.

You visited 3 branches of the dungeon, and saw 14 of its levels.

You collected 737 gold pieces.
You spent 320 gold pieces at shops.

Inventory:

Hand Weapons
 a - a cursed +2 whip of electrocution (weapon)
Missiles
 d - 330 stones (quivered)
 i - 120 sling bullets
 n - 5 steel tomahawks
 A - 83 poisoned needles
Armour
 b - a +0 robe
 g - a +0 leather armour (worn)
 P - a cursed +0 cloak (worn)
Magical Staves
 t - an uncursed staff of wizardry
Jewellery
 c - an uncursed ring of stealth
 f - a cursed ring of wizardry (left hand)
 m - an uncursed ring of positive energy
 v - a ring of poison resistance (right hand)
 G - an uncursed ring of wizardry
 I - a +4 amulet of reflection (around neck)
 R - a +3 ring of evasion
Wands
 p - a wand of acid (10)
 w - a wand of iceblast (14)
 K - a wand of clouds (3)
 O - a wand of enslavement (9)
 S - a wand of disintegration (13)
Scrolls
 e - 5 scrolls of teleportation
 h - a scroll of amnesia {unknown}
 q - 2 scrolls of blinking {unknown}
 u - a scroll of noise {unknown}
 x - 2 scrolls of enchant weapon {unknown}
 C - a scroll of magic mapping {unknown}
 D - 4 scrolls of remove curse
 F - a scroll of immolation {unknown}
 J - 2 scrolls of summoning {unknown}
 L - a scroll of fog {unknown}
Potions
 j - a potion of cancellation
 k - 2 potions of might
 o - 4 potions of curing
 r - 3 potions of brilliance
 s - 2 potions of berserk rage
 z - 2 potions of mutation
 B - a potion of degeneration {unknown}
 E - 3 potions of haste
 H - a potion of flight {unknown}
 N - a potion of invisibility {unknown}
 Q - a potion of heal wounds
 V - a potion of resistance {unknown}
Miscellaneous
 y - a box of beasts
 M - a phantom mirror
 U - a fan of gales
Comestibles
 l - 11 rations


   Skills:
 + Level 6.3 Fighting
 + Level 7.3 Dodging
 - Level 2.0 Stealth
 + Level 7.2 Spellcasting
 + Level 10.8 Summonings
 - Level 4.7 Ice Magic
 + Level 10.0 Air Magic


You had 10 spell levels left.
You knew the following spells:

 Your Spells              Type           Power        Failure   Level  Hunger
a - Summon Small Mammal   Summ           ####         1%          1    None
b - Call Imp              Summ           #####...     1%          2    None
c - Call Canine Familiar  Summ           #####...     1%          3    #......
d - Summon Lightning Spi  Summ/Air       #####...     1%          4    ###....
e - Summon Ice Beast      Ice/Summ       #####...     2%          4    ###....

Your spell library contained the following spells:

 Spells                   Type           Power        Failure   Level  Hunger
 Fireball                 Conj/Fire      #.........   80%         5    #####..
 Conjure Flame            Conj/Fire      #.......     16%         3    #......
 Throw Flame              Conj/Fire      #.....       9%          2    None
 Sticky Flame             Conj/Fire      #.......     45%         4    ###....
 Spider Form              Tmut/Pois      #.........   16%         3    #......
 Blade Hands              Tmut           #.........   80%         5    #####..
 Ice Form                 Ice/Tmut       ###.....     21%         4    ###....
 Flame Tongue             Conj/Fire      #....        6%          1    None
 Sticks to Snakes         Tmut           #.......     9%          2    None
 Inner Flame              Hex/Fire       #.......     16%         3    #......
 Beastly Appendage        Tmut           #.....       6%          1    None
 Summon Guardian Golem    Hex/Summ       ####....     1%          3    #......


Dungeon Overview and Level Annotations

Branches:
Dungeon (10/15)            Temple (1/1) D:4            Lair (3/6) D:8
  Swamp (0/4) Lair:2
  Snake: Lair:2-4    Spider: Lair:2-4       Orc: D:9-12

Altars:
Ashenzari
Cheibriados
Dithmenos
Elyvilon
Fedhas
Gozag
Hepliaklqana
Kikubaaqudgha
Makhleb
Nemelex Xobeh
Okawaru
Qazlal
Ru
Sif Muna
Trog
Uskayaw
Vehumet
Wu Jian
Xom
Yredelemnul
Zin
The Shining One

Shops:
D:9 !

Annotations:
Lair:3 Gastronok


Innate Abilities, Weirdness & Mutations

You have a beak for a mouth.
You have claws for feet.
You can fly.


Message History

There is a stone staircase leading up here.
The seven-headed hydra barely misses you.
The seven-headed hydra bites you! x2
The seven-headed hydra closely misses you. x2
The seven-headed hydra completely misses you.
The seven-headed hydra bites you!
* * * LOW HITPOINT WARNING * * *
You fly upwards.
There is a stone staircase leading down here.
As you read the scroll of teleportation, it crumbles to dust.
You feel strangely unstable. The seven-headed hydra bites you.
* * * LOW HITPOINT WARNING * * *
The seven-headed hydra bites you.
* * * LOW HITPOINT WARNING * * *
The seven-headed hydra completely misses you.
The seven-headed hydra bites you!
* * * LOW HITPOINT WARNING * * *
You block the seven-headed hydra's attack.
The seven-headed hydra bites you!
You die...

.##..## ##.# #..# ##P.#. ......##
#P.## #..###.§§.. .......## ##..#
##..#..§.§§. ........## ##.##
####...#..§§§.. .........###..#
##........§§§.§§
^..........#..####..........§§..§
..........##..#P##..##.###..§§.§.
...............D#.#.#### #P....§.
.........####...@...# ###....#
#.......## ######### #...##
##..##### #.#.# #### #####


You could see a seven-headed hydra.

Vanquished Creatures
  A centaur zombie (D:10)
  Maurice (D:9)
  A black mamba (Lair:1)
  A gargoyle (D:10)
  A spiny frog (Lair:1)
  A hornet (D:10)
  2 yaks (D:10)
  2 water moccasins
  2 crocodiles
  A wyvern skeleton (D:8)
  3 killer bees
  2 crimson imps
  A bullfrog zombie (D:9)
  A bullfrog skeleton (D:6)
  A hound (D:6)
  An orc wizard (D:4)
  A worker ant zombie (D:10)
  A howler monkey zombie (D:6)
  2 adders
  A shadow imp (D:6)
  An ooze (D:2)
  A dart slug (D:2)
  A leopard gecko (D:2)
  2 orcs
  2 giant cockroaches
  A goblin (D:3)
  A hobgoblin (D:3)
  3 jackals
  2 quokkas
  6 bats
  A frilled lizard (D:4)
  A jackal skeleton (D:4)
  A kobold (D:10)
  2 rats
52 creatures vanquished.

Vanquished Creatures (collateral kills)
  A hydra (Lair:1)
  3 two-headed ogres (D:10)
  A gargoyle (D:10)
  3 spiny frogs
  2 komodo dragons
  A queen bee (Lair:2)
  A troll (D:10)
  A hornet (D:10)
  3 blink frogs (Lair:1)
  Prince Ribbit (D:7)
  2 hippogriffs (Lair:1)
  9 yaks
  A basilisk (Lair:3)
  The ghost of Megalobster the Ruffian, an amateur DrTm (D:3)
  A hungry ghost (D:9)
  A water moccasin (Lair:1)
  8 porcupines
  2 orc warriors
  2 black bears
  A phantom (D:8)
  A sky beast (D:10)
  2 ogres
  3 crocodiles
  A big kobold (D:10)
  3 bullfrogs
  4 scorpions
  4 wights (D:9)
  20 killer bees (Lair:2)
  3 howler monkeys
  6 crimson imps
  A centaur zombie (D:9)
  An orc wizard (D:7)
  4 hounds
  A jelly (D:7)
  5 orc priests
  An iguana (D:8)
  8 worker ants
  A hound skeleton (D:5)
  A howler monkey zombie (D:8)
  4 gnolls (D:8)
  9 adders
  2 shadow imps
  An ooze (D:1)
  2 adder skeletons (D:4)
  2 worms
  2 dart slugs
  5 leopard geckos
  19 orcs
  3 giant cockroaches
  9 goblins
  12 hobgoblins
  9 jackals
  A quokka (D:8)
  2 bats
  4 frilled lizards
  A giant cockroach zombie (D:5)
  7 kobolds
  2 rats (D:1)
  2 fungi (D:8)
213 creatures vanquished.

Vanquished Creatures (others)
  A kobold (D:10)
  A fungus (Lair:3)
  6 plants (Lair:3)
8 creatures vanquished.

Grand Total: 273 creatures vanquished

Notes
Turn   | Place    | Note
-------+----------+-------------------------------------------
     0 | D:1      | toffzen the Tengu Summoner began the quest for the Orb.
     0 | D:1      | Reached XP level 1. HP: 10/10 MP: 4/4
    59 | D:1      | Reached skill level 5 in Summonings
   222 | D:1      | Reached XP level 2. HP: 15/15 MP: 0/6
   226 | D:1      | Learned a level 2 spell: Call Imp
  1236 | D:2      | Reached XP level 3. HP: 19/19 MP: 2/7
  1259 | D:2      | Learned a level 3 spell: Call Canine Familiar
  1259 | D:2      | Found a shimmering altar of Xom.
  2429 | D:3      | Reached XP level 4. HP: 20/24 MP: 4/9
  2451 | D:3      | Noticed Megalobster's ghost (amateur DrTm)
  2762 | D:3      | Killed Megalobster's ghost
  2762 | D:3      | Gained mutation: You can fly. [Tengu growth]
  2762 | D:3      | Reached XP level 5. HP: 25/28 MP: 1/10
  2880 | D:3      | Learned a level 4 spell: Summon Lightning Spire
  3089 | D:3      | Reached skill level 1 in Air Magic
  3754 | D:4      | Found an iron altar of Okawaru.
  3816 | D:4      | Reached XP level 6. HP: 32/32 MP: 4/12
  3934 | D:4      | Found an opulent altar of Gozag.
  3934 | D:4      | Found an ancient bone altar of Kikubaaqudgha.
  3937 | D:4      | Found a basalt altar of Yredelemnul.
  3937 | D:4      | Found a glowing silver altar of Zin.
  4254 | D:4      | Found a staircase to the Ecumenical Temple.
  4260 | Temple   | Entered the Ecumenical Temple
  4401 | Temple   | Became a worshipper of Ashenzari the Shackled
  4475 | D:5      | Entered Level 5 of the Dungeon
  5253 | D:6      | Reached XP level 7. HP: 10/36 MP: 8/13
  5664 | D:6      | Reached skill level 5 in Air Magic
  5730 | D:6      | Reached * piety under Ashenzari
  6403 | D:7      | Learned a level 4 spell: Summon Ice Beast
  6610 | D:7      | Noticed Prince Ribbit
  6622 | D:7      | HP: 1/36 [Prince Ribbit (9)]
  8090 | D:7      | Found a shadowy altar of Dithmenos.
  8140 | D:7      | Killed Prince Ribbit
  8140 | D:7      | Reached skill level 1 in Fighting
  8140 | D:7      | Reached skill level 1 in Ice Magic
  8140 | D:7      | Reached XP level 8. HP: 43/43 MP: 6/15
  8944 | D:8      | Noticed a yak
  8953 | D:8      | Killed a yak
  9597 | D:8      | Found a staircase to the Lair.
  9857 | D:8      | Reached ** piety under Ashenzari
 10304 | D:9      | Reached skill level 5 in Spellcasting
 10496 | D:9      | Reached XP level 9. HP: 49/49 MP: 13/17
 11141 | D:9      | Noticed Maurice
 11193 | D:9      | Killed Maurice
 11449 | D:9      | Found Foabb's Distillery.
 11458 | D:9      | Bought a potion of heal wounds for 80 gold pieces
 11458 | D:9      | Bought a potion of haste for 160 gold pieces
 11458 | D:9      | Bought a potion of heal wounds for 80 gold pieces
 11518 | D:10     | Entered Level 10 of the Dungeon
 11576 | D:10     | Noticed a two-headed ogre
 11678 | D:10     | Noticed a hornet
 11877 | D:10     | Noticed a gargoyle
 11927 | D:10     | Killed a gargoyle
 12386 | D:10     | Killed a hornet
 12429 | D:10     | Killed a two-headed ogre
 12516 | D:10     | Reached skill level 5 in Dodging
 12544 | D:10     | Noticed a troll
 12568 | D:10     | Killed a troll
 12801 | D:10     | Noticed a two-headed ogre
 12833 | D:10     | Killed a two-headed ogre
 12833 | D:10     | Reached XP level 10. HP: 58/58 MP: 6/19
 12982 | D:10     | Noticed a gargoyle
 12996 | D:10     | Killed a gargoyle
 13118 | D:10     | Noticed a two-headed ogre
 13129 | D:10     | Killed a two-headed ogre
 13789 | Lair:1   | Entered Level 1 of the Lair of Beasts
 13837 | Lair:1   | Noticed a black mamba
 13854 | Lair:1   | Killed a black mamba
 13854 | Lair:1   | Reached skill level 5 in Fighting
 13854 | Lair:1   | Reached skill level 10 in Summonings
 14166 | Lair:1   | Noticed a spiny frog
 14169 | Lair:1   | Noticed a spiny frog
 14196 | Lair:1   | Killed a spiny frog
 14670 | Lair:1   | Killed a spiny frog
 14743 | Lair:1   | Noticed a six-headed hydra
 14913 | Lair:1   | Killed a six-headed hydra
 14913 | Lair:1   | Reached XP level 11. HP: 64/64 MP: 3/22
 15649 | Lair:2   | Found a staircase to the Swamp.
 15668 | Lair:2   | Reached *** piety under Ashenzari
 16793 | Lair:2   | Reached skill level 10 in Air Magic
 17262 | Lair:3   | Upgraded the game from 0.22-a0-433-gd2a9cce to 0.22-a0-439-gac93bac
 17310 | Lair:3   | Noticed Gastronok
 17310 | Lair:3   | Noticed a seven-headed hydra
 17327 | Lair:2   | Slain by a seven-headed hydra

Vault maps used:
D:1:      dpeg_arrival_central
D:2:      overflow_temple_1_default
D:4:      chequers_temple_overflow_statue_of_worship,
          kennysheep_okawaru_gauntlet, minmay_temple_entry_fiery, first_ration
D:6:      minivault_1, minmay_misc_feat_pillars, corexii_corridor_pit,
          serial_bayou_pond_e
D:7:      nicolae_dithmenos_the_darkroom, uniq_prince_ribbit1
D:8:      grunt_lair_entry_orc_guard_hut
D:9:      serial_shops, nicolae_shop_statue_plus, uniq_maurice
Temple:   eino_temple_rhombus
Lair:1:   st_stairs_5, beast_lair_carwin_9
Lair:2:   swamp_mist, special_room, grunt_megastairs_2
Lair:3:   beast_lair_carwin_11, serial_bayou_shore_b, uniq_gastronok, uniq_sonja

Skill      XL: |  1  2  3  4  5  6  7  8  9 10 11 |
---------------+----------------------------------+-----
Summonings     | 5 6 7 8 9 10 | 10.8
Spellcasting   | 3 4 5 6 7 |  7.2
Air Magic      | 2 4 5 6 8 9 10 | 10.0
Fighting       | 1 2 4 5 6 |  6.3
Ice Magic      | 1 2 4 |  4.7
Dodging        | 4 5 6 7 |  7.3
Stealth        | |  2.0

Action                   |  1- 3 |  4- 6 |  7- 9 | 10-12 || total
-------------------------+-------+-------+-------+-------++-------
Melee: Dagger            |    42 |    83 |    46 |       ||   171
       Kick              |     9 |    13 |    18 |    11 ||    51
       Peck              |     6 |    15 |     9 |     4 ||    34
       Whip              |       |       |    23 |    61 ||    84
Throw: Stone             |     1 |     3 |     4 |     1 ||     9
 Cast: Summon Small Mamm |    51 |    24 |    59 |       ||   134
       Call Imp          |    18 |    36 |    27 |     2 ||    83
       Call Canine Famil |     4 |    14 |    32 |     4 ||    54
       Summon Lightning  |       |     1 |    33 |    43 ||    77
       Summon Ice Beast  |       |       |    29 |    23 ||    52
Invok: Curse Item        |       |     2 |     1 |       ||     3
 Abil: Fly               |       |     1 |     2 |     2 ||     5
Evoke: Wand              |       |       |     3 |       ||     3
  Use: Scroll            |     1 |       |    10 |     3 ||    14
       Potion            |       |       |       |     1 ||     1
 Stab: Sleeping          |     1 |       |       |       ||     1
       Distracted        |     1 |     3 |       |       ||     4
  Eat: Ration            |     1 |     1 |     7 |     6 ||    15
       Chunk             |     3 |     9 |    13 |     3 ||    28
Armor: Robe              |     3 |       |       |       ||     3
       Leather armour    |    13 |     9 |    15 |     5 ||    42
Dodge: Dodged            |    39 |    55 |    69 |    84 ||   247
Block: Other             |       |       |     1 |    24 ||    25
       Reflection        |       |       |       |     2 ||     2

Table legend:
 A = Spawn XP
 B = Non-spawn XP
 C = Spawn XP percentage of total XP
 D = Spawn monster count
 E = Non-spawn monster count
 F = Spawn count percentage of total count
 G = Total turns spent on level
                    A         B        C        D         E        F      G
               +---------+---------+-------+---------+---------+-------+---------
         Total |       0 |   11716 |   0.0 |       0 |     263 |   0.0 | 17327
               +---------+---------+-------+---------+---------+-------+---------
           D:1 |       0 |      33 |   0.0 |       0 |      27 |   0.0 |  1207
           D:2 |       0 |      48 |   0.0 |       0 |      25 |   0.0 |  1210
           D:3 |       0 |     159 |   0.0 |       0 |      18 |   0.0 |   987
           D:4 |       0 |     108 |   0.0 |       0 |      25 |   0.0 |   916
           D:5 |       0 |      93 |   0.0 |       0 |       7 |   0.0 |   551
           D:6 |       0 |     458 |   0.0 |       0 |      21 |   0.0 |  2060
           D:7 |       0 |     329 |   0.0 |       0 |      10 |   0.0 |  1223
           D:8 |       0 |     766 |   0.0 |       0 |      20 |   0.0 |  1990
           D:9 |       0 |     808 |   0.0 |       0 |      25 |   0.0 |  1668
          D:10 |       0 |    3649 |   0.0 |       0 |      29 |   0.0 |  1822
        Lair:1 |       0 |    3490 |   0.0 |       0 |      26 |   0.0 |  1997
        Lair:2 |       0 |    1678 |   0.0 |       0 |      29 |   0.0 |  1459
        Lair:3 |       0 |      97 |   0.0 |       0 |       1 |   0.0 |    82
               +---------+---------+-------+---------+---------+-------+---------
